 Dungeon Crawl Stone Soup version 0.24.0-13-gcf9b319 (webtiles) character file.

Game seed: 497165813651488489, levelgen mode: deterministic

51 Bronimir the Gusty (level 3, -3/19 HPs)
             Began as a Tengu Air Elementalist on Apr 10, 2020.
             Slain by a worm (10 damage)
             ... on level 2 of the Dungeon.
             The game lasted 00:04:24 (1508 turns).

Bronimir the Gusty (Tengu Air Elementalist)         Turns: 1508, Time: 00:04:24

Health: -3/19      AC:  2    Str:  8    XL:     3   Next: 83%
Magic:  1/8        EV: 13    Int: 16    God:
Gold:   70         SH:  0    Dex: 14    Spells: 4/7 levels left

rFire    . . .     SeeInvis .   a - +0 spear
rCold    . . .     Gourm    .   (no shield)
rNeg     . . .     Faith    .   o - +0 robe
rPois    +         Spirit   .   (helmet restricted)
rElec    .         Reflect  .   (no cloak)
rCorr    .         Harm     .   (no gloves)
MR       .....                  (boots unavailable)
Stlth    ++........             (no amulet)
HPRegen  0.06/turn              b - ring of poison resistance
MPRegen  0.11/turn              (no ring)

@: very slightly contaminated
A: beak, talons 3
a: no special abilities


You were on level 2 of the Dungeon.
You were hungry.

You visited 1 branch of the dungeon, and saw 2 of its levels.

You collected 70 gold pieces.

Inventory:

Hand Weapons
 a - a +0 spear (weapon)
Missiles
 e - 111 stones (quivered)
 j - 39 arrows
Armour
 i - a +0 ring mail
 o - a +0 robe (worn)
Jewellery
 b - a ring of poison resistance (left hand)
 h - a cursed -3 ring of dexterity {unknown}
 l - an uncursed amulet of faith {unknown}
Wands
 n - a wand of polymorph (9)
Scrolls
 d - a scroll of identify {unknown}
 k - a scroll of enchant armour {unknown}
 m - a scroll of fog {unknown}
Potions
 f - a potion of lignification {unknown}
 g - 3 potions of agility {unknown}
 p - 2 potions of cancellation {unknown}
Comestibles
 c - 4 rations


   Skills:
 + Level 2.4 Dodging
 + Level 2.1 Stealth
 + Level 2.7 Spellcasting
 + Level 1.5 Conjurations
 + Level 5.2 Air Magic


You had 4 spell levels left.
You knew the following spells:

 Your Spells              Type           Power        Failure   Level  Hunger
a - Shock                 Conj/Air       ##..         4%          1    #......
b - Swiftness             Chrm/Air       ##......     10%         2    ##.....

Your spell library contained the following spells:

 Spells                   Type           Power        Failure   Level  Hunger
 Static Discharge         Conj/Air       ##......     14%         3    ###....
 Airstrike                Air            ###.......   22%         4    #####..
 Lightning Bolt           Conj/Air       ##........   80%         5    ######.


Dungeon Overview and Level Annotations

Branches:
Dungeon (2/15)

Altars:
Uskayaw


Innate Abilities, Weirdness & Mutations

You have a beak for a mouth.
You have claws for feet.


Message History

Casting: Shock (safe; 4% risk of failure)
Confirm with . or Enter, or press ? or * to list all spells.
Aiming: Shock (safe; 4% risk of failure)
Press: ? - help, Shift-Dir - straight line, f/p - worm
Aim: a worm (severely wounded)
The zap hits the worm.
The worm is severely wounded.
The worm bites you!
Casting: Shock (safe; 4% risk of failure)
Confirm with . or Enter, or press ? or * to list all spells.
Aiming: Shock (safe; 4% risk of failure)
Press: ? - help, Shift-Dir - straight line, f/p - worm
Aim: a worm (severely wounded)
The zap hits the worm.
The worm is almost dead.
You barely miss the worm.
The worm is almost dead.
The worm bites you!
Ouch! That really hurt!
You die...

#)# #.# #.###.#####
#..........
#.######### ########.#
####### #........#
#...... ### #.......)#
#......
#...#........###......
+.^.w@........)'.>....
#...#........###......
#.. ########.# #)..†..
#. #.###...... #
#......####
#..........
#......#### #......#
#......###.


You could see a worm.

Vanquished Creatures
  2 adders (D:2)
  A ball python (D:1)
  2 giant cockroaches (D:2)
  4 goblins
  3 hobgoblins
  7 kobolds
  A quokka (D:2)
  4 bats
  A frilled lizard (D:1)
  9 rats
34 creatures vanquished.

Notes
Turn   | Place    | Note
-------+----------+-------------------------------------------
     0 | D:1      | Bronimir the Tengu Air Elementalist began the quest for the
                  | Orb.
     0 | D:1      | Reached XP level 1. HP: 10/10 MP: 4/4
   190 | D:1      | Reached XP level 2. HP: 15/15 MP: 0/6
   394 | D:1      | Learned a level 2 spell: Swiftness
   830 | D:2      | Found a hide-covered altar of Uskayaw.
   832 | D:2      | Reached XP level 3. HP: 5/19 MP: 0/7
  1066 | D:2      | Reached skill level 5 in Air Magic
  1508 | D:2      | Slain by a worm

Levels and vault maps discovered:
D:1:      ebering_trefoil_3fold, layout_loops_ring
D:2:      layout_basic, lemuel_round_altar, cheibriados_altar_1, first_ration

Skill      XL: |  1  2  3 |
---------------+----------+-----
Air Magic      | 5 |  5.2
Dodging        | |  2.4
Stealth        | |  2.1
Spellcasting   | |  2.7
Conjurations   | |  1.5

Action                   || total
-------------------------++-------
Melee: Unarmed           ||    12
       Kick              ||     1
       Spear             ||     5
 Cast: Shock             ||    63
  Eat: Chunk             ||     2
Armor: Robe              ||     3
Dodge: Dodged            ||    20
